Unix NetHack Version 5.0.0-0 post-release - last build Jun 10 2026 00:39:30 (3ee93aec679c4c4259841fe613dc97188e26a321,branch:main).

Game began 2026-06-18 16:47:13, ended 2026-06-18 17:06:28.

IanCurtis, chaotic male elven Wizard

                                         ----
                                ----------??|
                                |..`..[.^^^^|
                                |....`-----^|
                                |..@`.|   |^--
                                |..`.`|----^.|
                                |.....|<.^%^.|
                                ---.---------|
                                 |..--->---).|
                                 |..*........|
                                 |.`.----``..|
                                 |...|  |....|
                                 -----  ------

IanCurtis the Conjurer    St:10 Dx:13 Co:16 In:18 Wi:8 Ch:13  Chaotic
Dlvl:5  $:204 HP:0(33) Pw:5(51) AC:7  Xp:5 T:2611  Blind

Latest messages:
 The dwarf mummy hits!
 You destroy the dwarf mummy!
 You miss the rock mole.
 The rock mole just misses!
 You miss the rock mole.
 In what direction? b
 The spell misses the rock mole.
 In what direction? b
 The spell misses the rock mole.
 In what direction? b
 The spell misses the rock mole.
 In what direction? b
 The spell misses the rock mole.
 The rock mole bites!
 You miss the rock mole.
 In what direction? b
 The spell hits the rock mole!
 In what direction? b
 The spell hits the rock mole!
 You kill the rock mole!
 There is a rock mole corpse here; eat it? [ynq] (n) y
 Blecch!  Rotten food!
 $ - 38 gold pieces (204 in total).
 You stop searching.
 You hit the dust vortex!
 The dust vortex engulfs you!
 You can't see in here!
 You get expelled!
 You try to feel what is lying here on the floor.
 You feel here a bag.
 It engulfs you!
 You hit the dust vortex.
 You hit the dust vortex.
 You get expelled!
 You try to feel what is lying here on the floor.
 You feel here a bag.
 It hits!
 You miss it.
 It engulfs you!
 You hit the dust vortex.
 You hit the dust vortex.
 You get expelled!
 You try to feel what is lying here on the floor.
 You feel here a bag.
 It hits!
 You miss it.
 It hits!
 It hits!
 You die...
 Do you want your possessions identified? [ynq] (y) q

Inventory:
 Coins    ('$')
  $ - 204 gold pieces
 Weapons  (')')
  Z - the blessed +0 Sting
  a - a blessed +1 quarterstaff (weapon in hands)
 Armor    ('[')
  J - an uncursed +0 cornuthaum (being worn)
  C - an uncursed +0 orcish helm
  S - an uncursed +0 pair of leather gloves (being worn)
  A - an uncursed +0 pair of jumping boots named jumping (being worn)
  b - an uncursed +0 cloak of magic resistance (being worn)
  T - an uncursed +0 cloak of protection
  N - an uncursed +0 Hawaiian shirt with a plumeria motif
 Comestibles  ('%')
  v - 2 uncursed food rations
  w - an uncursed tripe ration
 Scrolls  ('?')
  F - a blessed scroll of amnesia
  s - an uncursed scroll of confuse monster
  i - an uncursed scroll of gold detection
  z - a cursed scroll of gold detection
  E - a cursed scroll of light
  k - a blessed scroll of scare monster
  y - an uncursed scroll of scare monster
  j - an uncursed scroll of teleportation
 Spellbooks  ('+')
  r - an uncursed spellbook of extra healing
  l - a blessed spellbook of force bolt
  m - an uncursed spellbook of light
 Potions  ('!')
  X - an uncursed potion of gain ability
  g - an uncursed potion of healing
  f - 2 uncursed potions of invisibility
  q - an uncursed potion of object detection
  G - an uncursed potion of restore ability
  Y - a blessed potion of sleeping
  h - an uncursed potion of sleeping
  H - an uncursed potion of speed
 Rings    ('=')
  d - an uncursed +1 ring of gain strength
  t - a blessed +2 ring of increase damage
  x - an uncursed ring of slow digestion
  e - an uncursed ring of teleport control
 Wands    ('/')
  c - a wand of enlightenment (0:11)
  B - a wand of make invisible (0:6)
  u - a wand of speed monster (0:5)
 Tools    ('(')
  o - an uncursed blindfold
  W - a cursed magic lamp
  n - a magic marker (0:21)
 Gems/Stones  ('*')
  p - an uncursed flint stone

IanCurtis the Wizard's attributes:

Background:
 You were a Conjurer, a level 5 male elven Wizard.
 You were chaotic, on a mission for Anhur
 who was opposed by Ptah (lawful) and Thoth (neutral).
 You were right-handed.
 You were in Sokoban, on level 5.
 You entered the dungeon 2611 turns ago.
 You had 261 experience points, 59 more were needed to attain level 6.

Basics:
 You had 0 out of 33 hit points.
 You had 5 out of 51 energy points (spell power).
 Your armor class was 7.
 Your wallet contained 204 zorkmids.
 Autopickup was off.

Final Characteristics:
 Your strength was 10 (limit:18).
 Your dexterity was 13 (limit:18).
 Your constitution was 16 (limit:16).
 Your intelligence was 18 (limit:20).
 Your wisdom was 8 (limit:20).
 Your charisma was 13 (base:12, limit:18).

Final Status:
 You were temporarily blind.
 You weren't hungry.
 You were unencumbered.
 You were wielding a quarterstaff.
 You had basic skill with quarterstaff.

Final Attributes:
 You were piously aligned.
 You were magic-protected.
 You were sleep resistant.
 You were telepathic.
 You were clairvoyant.
 You had infravision.
 You could jump.
 You were warded.
 You were unlucky.
 You are dead.

Miscellaneous:
 You didn't encounter any bones levels.
 Total elapsed playing time was 19 minutes and 14 seconds.

Major events:
 Turn
    1: IanCurtis the chaotic male elven Wizard entered the dungeon
  966: attained the rank of Conjurer (level 3)
 2067: became literate by naming Sting
 2464: entered Sokoban
 2611: killed by a dust vortex

Spells:
 Name                 Level Category     Fail Retention
 force bolt             1   attack         0%   81%-90%
 light                  1   divination     0%  76%-100%
 extra healing          3   healing       79%  76%-100%

Skills:
 Fighting Skills
   bare handed combat [Unskilled]
   riding             [Unskilled]
 Weapon Skills
   dagger             [Unskilled]
   knife              [Unskilled]
   axe                [Unskilled]
   short sword        [Unskilled]
   club               [Unskilled]
   mace               [Unskilled]
   quarterstaff       [Basic]
   polearms           [Unskilled]
   spear              [Unskilled]
   trident            [Unskilled]
   sling              [Unskilled]
   dart               [Unskilled]
   shuriken           [Unskilled]
 Spellcasting Skills
   attack spells      [Basic]
   healing spells     [Unskilled]
   divination spells  [Unskilled]
   enchantment spells [Basic]
   clerical spells    [Unskilled]
   escape spells      [Unskilled]
   matter spells      [Unskilled]

Voluntary challenges:
 Character rerolling was not enabled.
 You never genocided any monsters.
 You never polymorphed an object.
 You never changed form.
 You used no wishes.
 You violated the special Sokoban rules once.
Achievements:
 You attained the rank of Conjurer.
 You entered a shop.
 You entered Sokoban.

 The Dungeons of Doom: levels 1 to 6
    Level 1: "vault"
       Some fountains, a sink.
    Level 2:
       Some fountains.
    Level 3:
       Some fountains.
    Level 4:
       An armor shop, some fountains.
    Level 5:
       Many fountains.
       Oracle of Delphi.
    Level 6:
       Stairs up to Sokoban, level 5.
 Sokoban:
    Level 5: <- You were here.
       Unsolved.
       Final resting place for
          you, killed by a dust vortex.


Vanquished creatures:
  a dwarf mummy
  a raven
  a snake
  a wood nymph
  a rock mole
  a little dog
  2 floating eyes
  a homunculus
  3 dwarf zombies
  2 iguanas
 an acid blob
  3 coyotes
  2 hobbits
  a large kobold
  a hobgoblin
  3 cave spiders
  a brown mold
  a green mold
  2 gnomes
  5 garter snakes
  a gnome zombie
  a gecko
  5 jackals
  3 kobolds
  a goblin
  3 sewer rats
  4 grid bugs
  2 lichens
  a kobold zombie
  4 newts
59 creatures vanquished.

No species were genocided or became extinct.

Game over:
                       ----------
                      /          \
                     /    REST    \
                    /      IN      \
                   /     PEACE      \
                  /                  \
                  |    IanCurtis     |
                  |      204 Au      |
                  | killed by a dust |
                  |      vortex      |
                  |                  |
                  |                  |
                  |       2026       |
                 *|     *  *  *      | *
        _________)/\\_//(\/(/\)/\//\/|_)_______

Goodbye IanCurtis the Wizard...

You died in Sokoban on dungeon level 5 with 1478 points,
and 204 pieces of gold, after 2611 moves.
You were level 5 with a maximum of 33 hit points when you died.

